 Dungeon Crawl Stone Soup version 0.31-a0-931-g7b59d4eb97 (webtiles) character file.

Game seed: 10693789654607675026

883 dynsetu the Poker (level 8, -4/61 HPs)
             Began as a Formicid Fighter on Oct 19, 2023.
             Slain by Pikel
             ... wielding a +2 whip of electrocution
              (8 damage)
             ... on level 5 of the Dungeon.
             The game lasted 00:10:50 (3401 turns).

dynsetu the Poker (Formicid Fighter)                Turns: 3401, Time: 00:10:50

Health: -4/61      AC: 15    Str: 23    XL:     8   Next: 26%
Magic:  8/8        EV:  3    Int:  8    God:
Gold:   260        SH:  5    Dex: 13    Spells: 7/7 levels left

rFire   + . .        a - +0 trident
rCold   . . .        c - +0 buckler
rNeg    . . .        w - +0 plate armour
rPois   .            (helmet unavailable)
rElec   .            (no cloak)
rCorr   .            B - +0 pair of gloves
SInv    +            i - +1 pair of boots
Will    .....        (no amulet) Stlth
                     o - +4 ring of slaying
HPRegen 0.30/turn    p - ring of protection from fire
MPRegen 0.11/turn

%: no passive effects
@: mighty, grasped by roots, constricted
A: permanent stasis, dig shafts and tunnels, antennae 3, four strong arms
a: Dig, Shaft Self


You were on level 5 of the Dungeon.
You visited 2 branches of the dungeon, and saw 6 of its levels.

You collected 260 gold pieces.

Inventory:

Hand Weapons
 a - a +0 trident (weapon)
Missiles
 r - 5 poisoned darts
Armour
 c - a +0 buckler (worn)
 e - a +0 chain mail
 i - a +1 pair of boots (worn)
 w - a +0 plate armour (worn)
 B - a +0 pair of gloves (worn)
Jewellery
 o - a +4 ring of slaying (left hand)
 p - a ring of protection from fire (right hand)
Talismans
 h - a storm talisman
Wands
 q - a wand of mindburst (8)
Scrolls
 b - 6 scrolls of identify {unknown}
 j - a scroll of fear {unknown}
 m - 5 scrolls of noise {unknown}
 s - 3 scrolls of poison {unknown}
 v - a scroll of vulnerability {unknown}
 x - 2 scrolls of revelation {unknown}
 y - 2 scrolls of amnesia {unknown}
 C - a scroll of immolation {unknown}
Potions
 f - 4 potions of heal wounds {unknown}
 g - a potion of lignification {unknown}
 k - 2 potions of mutation {unknown}
 l - a potion of cancellation {unknown}
 n - a potion of curing {unknown}
 t - 2 potions of invisibility {unknown}
 u - a potion of berserk rage {unknown}
 z - 2 potions of attraction {unknown}
 A - a potion of brilliance {unknown}


   Skills:
 + Level 4.8 Fighting
 + Level 6.7 Polearms
 + Level 5.2 Armour
 + Level 0.9 Dodging
 + Level 5.7 Shields


You had 7 spell levels left.
You didn't know any spells.
Your spell library contained the following spells:

 Spells                   Type           Power      Damage    Failure   Level
 Sublimation of Blood     Necr           0%         N/A       100%        2
 Animate Dead             Necr           0%         N/A       100%        4
 Petrify                  Tmut/Erth      0%         N/A       100%        4
 Irradiate                Conj/Tmut      0%         3d11      100%        5
 Haunt                    Necr/Summ      0%         N/A       100%        7
 Infestation              Necr           0%         N/A       100%        8


Dungeon Overview and Level Annotations

Branches:
Dungeon (5/15)             Temple (1/1) D:4

Altars:
Cheibriados
Dithmenos
Elyvilon
Fedhas
Hepliaklqana
Makhleb
Qazlal
Ru
Wu Jian
Xom
Yredelemnul
Zin
The Shining One

Shops:
D:4 *

Annotations:
D:5 Pikel


Innate Abilities, Weirdness & Mutations

You cannot be hasted, slowed, berserked, paralysed or teleported.
You can dig through walls and to a lower floor.
You have a pair of large antennae on your head. (SInv)
Your four strong arms can wield two-handed weapons with a shield.


Message History

Pikel is moderately wounded.
Pikel hits you with a +2 whip of electrocution.
The grasping roots constrict you.
You hit Pikel.
Pikel is heavily wounded.
Pikel hits you with a +2 whip of electrocution.
You are electrocuted!
The grasping roots constrict you!
* * * LOW HITPOINT WARNING * * *
The grasping roots release their grip on you.
You closely miss Pikel.
Pikel is heavily wounded.
You block Pikel's attack.
You closely miss Pikel.
Pikel is moderately wounded.
Pikel says, "Hell isn't that bad."
Pikel hits you with a +2 whip of electrocution.
* * * LOW HITPOINT WARNING * * *
You feel very mighty all of a sudden. You block Pikel's attack.
You closely miss Pikel.
Pikel is moderately wounded.
Pikel hits you with a +2 whip of electrocution.
* * * LOW HITPOINT WARNING * * *
You puncture Pikel!
Pikel is heavily wounded.
Pikel zaps a wand.
The roots erupt in riotous growth!
The grasping roots grab you!
Pikel is unaffected.
The grasping roots constrict you.
* * * LOW HITPOINT WARNING * * *
You hear an angry hiss.
You puncture Pikel!
Pikel is severely wounded.
Pikel hits you with a +2 whip of electrocution.
* * * LOW HITPOINT WARNING * * *
The grasping roots constrict you.
You puncture Pikel!
Pikel is almost dead.
Pikel hits you but does no damage.
You are electrocuted!
You die...
Pikel says, "Another soul for the market."

..(#####.####.##
##+#...#+# #..#
##.......#####.#
...........#.#'#
#.........##...###
+.........'......#
##.......##......#
.#.......#.......#####
.####'####......@K555#
.#.......#.......###5#
##.......##......# ,
'.........+......# {
#.........##...###
...........#.#'#
##.......#####.#
.#+#...#+#.#...#
...#####...##.##


You could see Pikel and 4 lemures.

Vanquished Creatures
  Grinder (D:5)
  An ogre (D:4)
  A phantom (D:3)
  A howler monkey (D:5)
  A jelly (D:5)
  2 hounds
  4 orc priests (D:5)
  Jessica (D:3)
  An orc wizard (D:5)
  2 iguanas (D:5)
  4 gnolls (D:5)
  7 adders
  A worm (D:2)
  3 dart slugs
  11 orcs
  5 bats
  4 endoplasms
  4 giant cockroaches
  10 goblins
  6 hobgoblins
  6 kobolds
  2 quokkas (D:1)
  7 ball pythons
  5 frilled lizards
  2 rats
92 creatures vanquished.

Notes
Turn   | Place    | Note
-------+----------+-------------------------------------------
     0 | D:1      | dynsetu the Formicid Fighter began the quest for the Orb.
     0 | D:1      | Reached XP level 1. HP: 18/18 MP: 1/1
   148 | D:1      | Reached XP level 2. HP: 24/24 MP: 2/2
   388 | D:1      | Reached XP level 3. HP: 30/30 MP: 3/3
   927 | D:2      | Found a faded altar of an unknown god.
  1165 | D:2      | Reached XP level 4. HP: 37/37 MP: 4/4
  1243 | D:2      | Found a hazy altar of Hepliaklqana.
  1335 | D:2      | Reached skill level 3 in Polearms
  1457 | D:3      | Noticed a phantom
  1476 | D:3      | Killed a phantom
  1477 | D:3      | Reached XP level 5. HP: 40/42 MP: 5/5
  1520 | D:3      | Noticed Jessica
  1525 | D:3      | Killed Jessica
  1526 | D:3      | Reached skill level 4 in Polearms
  1526 | D:3      | Reached XP level 6. HP: 48/48 MP: 6/6
  1869 | D:4      | Noticed an ogre
  1878 | D:4      | Killed an ogre
  2047 | D:4      | Found a staircase to the Ecumenical Temple.
  2059 | Temple   | Entered the Ecumenical Temple
  2228 | D:4      | Found Faighil's Assorted Antiques.
  2477 | D:5      | Entered Level 5 of the Dungeon
  2506 | D:5      | Found a snail-covered altar of Cheibriados.
  2566 | D:5      | Reached skill level 5 in Polearms
  2594 | D:5      | Reached XP level 7. HP: 55/55 MP: 7/7
  2754 | D:5      | Noticed Grinder
  2779 | D:5      | Killed Grinder
  2780 | D:5      | Reached skill level 5 in Armour
  2780 | D:5      | Reached skill level 5 in Shields
  2877 | D:5      | Reached skill level 6 in Polearms
  2922 | D:5      | Reached XP level 8. HP: 61/61 MP: 8/8
  3384 | D:5      | Noticed Pikel
  3400 | D:5      | HP: 3/61 [Pikel/+2 whip of electrocution (5)]
  3401 | D:5      | Slain by Pikel

Illustrated notes

Levels and vault maps discovered:
D:1:      dpeg_arrival_signposts, layout_basic
D:2:      layout_rooms, basic_altar, dilly_ecumenical_altar_fadedgnrine
D:3:      layout_basic, minmay_circle_x, uniq_jessica
D:4:      layout_cave_pools, minmay_temple_entry_glass, serial_shops, shop
D:5:      nicolae_cairo_tiling_very_big, layout_loops_cross,
          mainiacjoe_overflow_paths, grunt_ministairs_5, uniq_grinder,
          uniq_pikel
Temple:   chequers_temple_sunken

Skill      XL: |  1  2  3  4  5  6  7 |
---------------+----------------------+-----
Polearms       | 3 4 5 6 |  6.7
Armour         | 4 5 |  5.2
Fighting       | 4 |  4.8
Shields        | 5 |  5.7
Dodging        | |  0.9

Action                     |  1- 3 |  4- 6 |  7- 9 || total
---------------------------+-------+-------+-------++-------
  Melee: Trident           |   119 |   104 |   128 ||   351
Ability: Dig               |     2 |     4 |     1 ||     7
  Evoke: Wand              |       |       |     1 ||     1
    Use: Potion            |       |       |     1 ||     1
 Armour: Scale mail        |     4 |       |       ||     4
         Chain mail        |    60 |    36 |       ||    96
         Plate armour      |       |     5 |    65 ||    70
  Dodge: Dodged            |    30 |    26 |    29 ||    85
  Block: Buckler           |    18 |    16 |    25 ||    59

Table legend: (Time is in decaauts)
 A = Elapsed time spent in this place.
 B = Non-inter-level travel time spent in this place.
 C = Inter-level travel time spent in this place.
 D = Time resting spent in this place.
 E = Time spent auto-exploring this place.
 F = Levels seen in this place.
 G = Mean time per level.
                   A        B        C        D        E       F      G
               +--------+--------+--------+--------+--------+-----+--------+
         Total |   3463 |   3398 |     65 |     62 |   2374 |   6 |  577.2 |
       Dungeon |   3374 |   3309 |     65 |     62 |   2374 |   5 |  674.8 |
        Temple |     88 |     88 |      0 |      0 |      0 |   1 |   88.0 |
               +--------+--------+--------+--------+--------+-----+--------+

Top non-repeatable levels by time:
     D:5: 928 daAuts
     D:1: 872 daAuts
     D:3: 625 daAuts
     D:2: 535 daAuts
     D:4: 412 daAuts
  Temple: 88 daAuts
